AoeStats
← Rodrigo Lao Tse

Arabia

510295143Analyzed
1v1 RM · 2d ago on Sep 30, 2026· 29m 43s· 2 players
Game mode
Random Map
Map size
Tiny (2 player)
Population
200
Speed
Normal
Resources
Standard
Victory
Conquest
Starting age
Dark Age
Ending age
Imperial Age
RankedLock teamsTeams togetherTeam positionsShared explorationLock speedFull tech treeHidden civsTurbo modeCheats
Victory
Defeat
🇨🇿 Magyars · Czechia
879
+14
🇨🇱 Maya · Chile
830
-14
Rodrigo Lao Tse
0:26 Loom
9:51 Feudal Age
19:30 Horse Collar
22:55 Castle Age
22:03 Wheelbarrow
22:39 Gold Mining
ttoommaass300
10:57 Feudal Age
9:13 Loom
23:45 Castle Age
22:04 Bloodlines
21:58 Double-Bit Axe
23:36 Wheelbarrow
25:51 Husbandry
Connection lost

Rejoining the realm…

Still unreachable

The connection could not be restored.

Session expired

The server has moved on; the page needs a fresh start.